 Dungeon Crawl Stone Soup version 0.21-a0-509-gecc5317 (webtiles) character file.

47333 zaRGo the Severer (level 14, -3/133 HPs)
             Began as a Minotaur Berserker on Nov 30, 2017.
             Was a High Priest of Trog.
             Slain by a small abomination (12 damage)
             ... while paralysed
             ... on level 2 of the Abyss on Dec 1, 2017.
             The game lasted 01:54:49 (22999 turns).

zaRGo the Severer (Minotaur Berserker)             Turns: 22999, Time: 01:54:50

Health: -3/133     AC: 15    Str: 23      XL:     14   Next: 8%
Magic:  15/15      EV:  2    Int:  0 (5)  God:    Trog [*****.]
Gold:   804        SH:  0    Dex: 13      Spells: 13/13 levels left

rFire    + . .     SeeInvis .   M - +1 broad axe "Jecisog" {venom, rF+}
rCold    . . .     Gourm    .   (no shield)
rNeg     . . .     Faith    .   s - +0 plate armour
rPois    +         Spirit   .   V - +1 hat
rElec    .         Reflect  .   (no cloak)
rCorr    +         Harm     .   y - +1 pair of gloves
MR       +....     Rnd*Tele +   (no boots)
Stlth    ..........             (no amulet)
HPRegen  0.32/turn              O - ring of resist corrosion
MPRegen  0.14/turn              P - ring of poison resistance

@: paralysed, very slightly contaminated, slowed, lost intelligence, drained
A: retaliatory headbutt, horns 2, deformed body, teleportitis 1
a: Berserk, Trog's Hand, Brothers in Arms, Burn Spellbooks, Renounce Religion


You were on level 2 of the Abyss.
You worshipped Trog.
Trog was extremely pleased with you.
You were not hungry.

You visited 3 branches of the dungeon, and saw 17 of its levels.
You visited the Abyss 1 time.
You also visited: Labyrinth and Ossuary.

You collected 804 gold pieces.

Inventory:

Hand Weapons
 E - a +2 battleaxe
 G - a +0 flail
 M - the +1 broad axe "Jecisog" (weapon) {venom, rF+}
   (Trog gifted it to you on level 10 of the Dungeon)

   It poisons the flesh of those it strikes.
   It protects you from fire.
 Y - a +1 battleaxe of freezing
Missiles
 B - 22 tomahawks
 F - 6 curare-tipped needles (quivered)
Armour
 s - a +0 plate armour (worn)
 y - a +1 pair of gloves (worn)
 V - a +1 hat (worn)
 X - a +3 ring mail of cold resistance
Jewellery
 a - the amulet of Xom's Approval {Faith rN+ Int+4 Dex-2 Slay+4, unknown}
   (You found it on level 2 of the Abyss)

   [amulet of faith]

   It allows you to gain divine favour quickly.
   It affects your intelligence (+4).
   It affects your dexterity (-2).
   It affects your accuracy and damage with ranged weapons and melee attacks
   (+4).
   It protects you from negative energy.
 J - an uncursed ring of flight
 O - a ring of resist corrosion (left hand)
 P - a ring of poison resistance (right hand)
Wands
 q - a wand of paralysis (15)
 r - a wand of random effects (75)
 D - a wand of digging (14)
 H - a wand of scattershot (9)
 K - a wand of acid (10)
 R - a wand of flame (15)
 S - a wand of enslavement (12)
Scrolls
 b - 4 scrolls of immolation
 e - 3 scrolls of random uselessness {unknown}
 g - 4 scrolls of magic mapping
 i - 4 scrolls of blinking
 j - 2 scrolls of fog {unknown}
 k - 4 scrolls of remove curse
 l - 2 scrolls of identify
 o - 6 scrolls of enchant armour
 p - 7 scrolls of teleportation
 u - 2 scrolls of amnesia {unknown}
 x - a scroll of holy word {unknown}
 L - a scroll of summoning {unknown}
 N - 4 scrolls of fear
 T - a scroll of enchant weapon
Potions
 c - 2 potions of flight
 d - 10 potions of curing
 f - a potion of resistance
 m - 3 potions of might
 v - 3 potions of lignification
 w - 2 potions of heal wounds
 A - a potion of ambrosia
 I - a potion of invisibility
 W - a potion of cancellation
Comestibles
 n - 5 meat rations
 t - 4 fruits
 C - 4 bread rations


   Skills:
 + Level 14.4(14.3) Fighting
 * Level 19.2(19.1) Axes
 + Level 14.2(14.1) Armour
 - Level 3.0(2.9) Dodging
 - Level 3.2(3.1) Evocations


You had 13 spell levels left.
You didn't know any spells.

Dungeon Overview and Level Annotations

Branches:
Dungeon (11/15)            Temple (1/1) D:5            Lair (5/6) D:11
 Shoals (0/4) Lair:3       Spider (0/4) Lair:4          Orc (0/2) D:9
  Slime: Lair:5-6

Altars:
Ashenzari
Cheibriados
Dithmenos
Elyvilon
Fedhas
Gozag
Hepliaklqana
Kikubaaqudgha
Makhleb
Nemelex Xobeh
Okawaru
Qazlal
Ru
Sif Muna
Trog
Uskayaw
Vehumet
Wu Jian
Xom
Yredelemnul
Zin
The Shining One

Shops:
D:4 (

Annotations:
Lair:5 Sonja


Innate Abilities, Weirdness & Mutations

You reflexively headbutt those who attack you in melee.
You have a pair of horns on your head.
Armour fits poorly on your strangely shaped body.
You are occasionally teleported next to monsters.


Message History

* * * LOW HITPOINT WARNING * * *
The small abomination barely misses you.
You furiously retaliate!
You headbutt the small abomination. The small abomination hits you.
* * * LOW HITPOINT WARNING * * *
The neqoxec gestures at you.
You feel dopey.
You have lost your intelligence.
Something feeds on your intellect!
The small abomination hits you but does no damage.
The small abomination hits you.
* * * LOW HITPOINT WARNING * * *
The white imp laughs crazily.
The small abomination hits you but does no damage.
The white imp gestures at you. The puff of frost hits you!
* * * LOW HITPOINT WARNING * * *
The neqoxec gestures at you.
Something tries to feed on your intellect!
The small abomination hits you!
You die...

.. .. #. ##.#
...#.. ##.#..#
##.....# #......#
#.x5...# #@#.#.#
##3x#..#
#5X{...#....#
#......#.... ..
#####.....#....#...
. #. .......#...
.....
##........#..#
.....
##...#'###..###.X.
....#.#.....x. . .#


You could see a large abomination, a neqoxec, 2 small abominations and 2 white
imps.

Vanquished Creatures
  Gastronok (Lair:3)
  Nessos (Lair:4)
  A minotaur (Lab)
  Harold (Lair:2)
  2 hydras
  Erica (Lair:2)
  4 two-headed ogres
  4 death yaks
  A vampire mage (Abyss:2)
  A sixfirhy (D:11)
  A glowing orange brain (Abyss:2)
  2 unseen horrors (Lab)
  The ghost of kibaces the Thaumaturge, a novice DEAE of Hepliaklqana (Lair:1)
  2 cyclopes
  5 oklob plants
  2 ugly things (D:11)
  A guardian serpent (Abyss:2)
  11 elephants
  3 black mambas
  3 spiny frogs
  A gargoyle (D:11)
  A rime drake (Lair:3)
  7 komodo dragons
  A troll (D:9)
  A jumping spider (Lair:4)
  A polar bear (Lair:3)
  7 blink frogs
  2 hippogriffs
  4 dream sheep (Lair:4)
  A slime creature (Lair:5)
  3 redbacks (Lair:4)
  A wyvern (Lair:4)
  A spriggan (D:7)
  5 basilisks
  A wraith (D:11)
  A black mamba skeleton (Abyss:2)
  29 yaks
  6 hungry ghosts
  A vampire mosquito (Lair:5)
  2 steam dragons (D:8)
  4 wargs
  2 swamp worms (Lair:2)
  17 water moccasins
  5 porcupines
  An eye of draining (D:9)
  2 sky beasts
  7 orc warriors
  4 ogres
  3 necrophages
  4 phantoms
  9 wolves
  9 centaurs
  8 crocodiles
  A big kobold (D:6)
  Blork the orc (D:6)
  18 bullfrogs
  2 gnoll sergeants
  A wyvern skeleton (D:6)
  13 scorpions
  A water moccasin skeleton (D:6)
  11 wights
  2 howler monkeys
  3 electric eels
  5 crimson imps
  2 centaur zombies
  A human zombie (Ossuary)
  3 orc priests
  7 hounds
  A bullfrog skeleton (D:10)
  Jessica (D:2)
  An iguana (D:5)
  11 orc wizards
  8 worker ants
  2 big kobold zombies (Ossuary)
  3 mummies (Ossuary)
  A worker ant zombie (D:7)
  7 gnolls
  2 howler monkey skeletons
  5 scorpion zombies (Ossuary)
  9 adders
  3 shadow imps
  2 adder skeletons
  2 adder zombies
  2 worms
  8 leopard geckos
  32 orcs
  5 bats
  A bat skeleton (D:2)
  2 giant cockroaches (D:1)
  2 gnoll zombies (Ossuary)
  3 goblins
  8 hobgoblins
  10 jackals
  3 quokkas
  2 ball pythons
  5 frilled lizards
  A giant cockroach zombie (D:5)
  3 hobgoblin zombies (Ossuary)
  A jackal skeleton (D:2)
  8 kobolds
  3 kobold zombies (Ossuary)
  3 quokka skeletons
  4 rats
  2 fungi (Lair:4)
  16 plants
452 creatures vanquished.

Vanquished Creatures (others)
  A scorpion (Ossuary)
  An orc (D:9)
  A goblin zombie (Ossuary)
  3 fungi (Lair:3)
  27 plants
33 creatures vanquished.

Grand Total: 485 creatures vanquished

Notes
Turn   | Place    | Note
-------+----------+-------------------------------------------
     0 | D:1      | zaRGo the Minotaur Berserker began the quest for the Orb.
     0 | D:1      | Reached XP level 1. HP: 19/19 MP: 0/0
   311 | D:1      | Reached skill level 4 in Axes
   346 | D:1      | Reached XP level 2. HP: 27/27 MP: 1/1
  1077 | D:2      | Reached XP level 3. HP: 32/33 MP: 2/2
  1087 | D:2      | Noticed Jessica
  1088 | D:2      | Killed Jessica
  1142 | D:2      | Noticed a sky beast
  1146 | D:2      | Reached ** piety under Trog
  1186 | D:2      | Killed a sky beast
  1186 | D:2      | Reached skill level 5 in Axes
  1186 | D:2      | Reached XP level 4. HP: 41/41 MP: 3/3
  1186 | D:2      | Reached XP level 5. HP: 47/47 MP: 4/4
  1585 | D:2      | Found a hazy altar of Hepliaklqana.
  2039 | D:2      | Found a snail-covered altar of Cheibriados.
  2170 | D:3      | Found a burning altar of Makhleb.
  2278 | D:3      | Reached skill level 6 in Axes
  2648 | D:4      | Noticed an ogre
  2654 | D:4      | Killed an ogre
  2654 | D:4      | Reached skill level 5 in Fighting
  2654 | D:4      | Reached XP level 6. HP: 56/56 MP: 5/5
  2750 | D:4      | Found Cubiupt's Antique Weapon Shop.
  2828 | D:4      | Found a sand-covered staircase.
  2832 | Ossuary  | Entered an ossuary
  2991 | Ossuary  | Reached skill level 7 in Axes
  2998 | Ossuary  | Reached *** piety under Trog
  2998 | Ossuary  | Reached XP level 7. HP: 61/61 MP: 6/6
  3230 | Ossuary  | Reached skill level 5 in Armour
  3471 | Ossuary  | Reached skill level 8 in Axes
  3567 | Ossuary  | Reached XP level 8. HP: 71/71 MP: 7/7
  4028 | D:4      | Reached skill level 9 in Axes
  4543 | D:5      | Entered Level 5 of the Dungeon
  4643 | D:5      | Noticed a two-headed ogre
  4659 | D:5      | Killed a two-headed ogre
  4659 | D:5      | Reached skill level 10 in Axes
  4659 | D:5      | Reached XP level 9. HP: 81/81 MP: 8/8
  4771 | D:5      | Found a staircase to the Ecumenical Temple.
  4804 | D:5      | Reached **** piety under Trog
  4823 | Temple   | Entered the Ecumenical Temple
  5647 | D:6      | Reached skill level 11 in Axes
  5889 | D:6      | Noticed Blork the orc
  5894 | D:6      | Killed Blork the orc
  6429 | D:6      | Found a deep blue altar of Sif Muna.
  6769 | D:7      | Reached skill level 12 in Axes
  7062 | D:7      | Found a hide-covered altar of Uskayaw.
  7667 | D:7      | Reached XP level 10. HP: 60/90 MP: 9/9
  7712 | D:7      | Reached ***** piety under Trog
  8708 | D:9      | Found a staircase to the Orcish Mines.
  8724 | D:9      | Noticed a two-headed ogre
  8734 | D:8      | Reached skill level 13 in Axes
  8901 | D:9      | Killed a two-headed ogre
  8901 | D:9      | Reached skill level 10 in Fighting
  9357 | D:8      | Reached skill level 10 in Armour
 10242 | D:9      | Reached skill level 14 in Axes
 10250 | D:9      | Found a sacrificial altar of Ru.
 10312 | D:9      | Found an iron altar of Okawaru.
 10331 | D:9      | Noticed a cyclops
 10372 | D:9      | Killed a cyclops
 10372 | D:9      | Reached XP level 11. HP: 100/100 MP: 10/10
 10555 | D:10     | Entered Level 10 of the Dungeon
 10858 | D:10     | Received a gift from Trog
 10870 | D:10     | Got a jewelled broad axe {god gift}
 10871 | D:10     | Identified the +1 broad axe "Jecisog" {venom, rF+} (Trog gifted it to you on level 10 of the Dungeon)
 10966 | D:10     | Found a hide-covered altar of Uskayaw.
 10983 | D:10     | Noticed a two-headed ogre
 10988 | D:10     | Killed a two-headed ogre
 11544 | D:11     | Noticed a purple ugly thing
 11557 | D:11     | Killed a purple ugly thing
 11721 | D:11     | Found a labyrinth entrance.
 11730 | Lab      | Entered a labyrinth
 11777 | Lab      | Killed an unseen horror
 11801 | Lab      | Killed an unseen horror
 12284 | Lab      | Reached skill level 15 in Axes
 12600 | Lab      | Noticed a minotaur
 12607 | Lab      | Killed a minotaur
 12611 | Lab      | Identified Tymaafo's Reference Book on Poison and Darkness
 13115 | D:11     | Noticed a two-headed ogre
 13124 | D:11     | Killed a two-headed ogre
 13204 | D:11     | Noticed a white ugly thing
 13216 | D:11     | Killed a white ugly thing
 13961 | D:11     | Found a runed door.
 13965 | D:11     | Noticed a sixfirhy
 13977 | D:11     | Killed a sixfirhy
 13977 | D:11     | Reached XP level 12. HP: 109/111 MP: 11/11
 14204 | D:11     | Found a staircase to the Lair.
 14300 | D:11     | Reached skill level 16 in Axes
 14438 | Lair:1   | Entered Level 1 of the Lair of Beasts
 14438 | Lair:1   | Noticed kibaces's ghost (novice DEAE)
 14448 | Lair:1   | Killed kibaces's ghost
 15244 | Lair:1   | Received a gift from Trog
 16093 | Lair:2   | Reached skill level 17 in Axes
 16154 | Lair:2   | Noticed Erica
 16246 | Lair:2   | Killed Erica
 16666 | Lair:2   | Noticed Harold
 16680 | Lair:2   | Killed Harold
 17532 | Lair:3   | Reached XP level 13. HP: 121/121 MP: 12/12
 17902 | Lair:3   | Received a gift from Trog
 18136 | Lair:3   | Noticed Gastronok
 18353 | Lair:3   | Reached skill level 18 in Axes
 18510 | Lair:3   | Killed Gastronok
 18534 | Lair:3   | Got a crude golden ring
 18983 | Lair:3   | Identified the ring "Ziroatz" {*Slow Str+8 SInv} (You took it off a centaur on level 3 of the Lair of Beasts)
 18996 | Lair:3   | Found a staircase to the Shoals.
 19499 | Lair:4   | Reached skill level 1 in Evocations
 19887 | Lair:4   | Noticed Nessos
 21133 | Lair:4   | Found a hole to the Spider Nest.
 21144 | Lair:4   | Received a gift from Trog
 21304 | Lair:4   | Killed Nessos
 21835 | Lair:4   | Reached skill level 19 in Axes
 22097 | Lair:5   | Reached XP level 14. HP: 81/132 MP: 15/15
 22492 | Lair:5   | Noticed Sonja
 22501 | Lair:5   | Cast into level 2 of the Abyss (Sonja)
 22633 | Abyss:2  | Noticed a starcursed mass
 22663 | Abyss:2  | Got a flickering pewter amulet
 22690 | Abyss:2  | Gained mutation: Armour fits poorly on your strangely shaped body. [a neqoxec]
 22701 | Abyss:2  | Gained mutation: You are occasionally teleported next to monsters. [a neqoxec]
 22752 | Abyss:2  | Noticed a lich
 22954 | Abyss:2  | Noticed a revenant
 22998 | Abyss:2  | Lost intelligence.
 22999 | Abyss:2  | Slain by a small abomination

Vault maps used:
D:1:      onia_arrival_mini_spirals, serial_glass, glass_columns_c,
          glass_columns_b, minmay_strange_pillars, feat_on_display,
          due_unseen_surprise, minmay_strange_pillars
D:2:      lemuel_doored_altar, lemuel_coloured_pillars_altar, serial_undead,
          serial_undead_b, serial_undead_d, serial_undead_d, serial_undead_c,
          uniq_jessica
D:3:      makhleb_heckhound_becter
D:4:      first_bread, serial_shops, nicolae_shop_trees,
          nicolae_ossuary_entry_plus
D:5:      minmay_temple_entry_mist
D:6:      kennysheep_little_box, uniq_blork_the_orc
D:7:      eat_drink_and_be_merry_uskayaw, the_bakery, dk_rats_in_the_wall
D:9:      kennysheep_mini, nicolae_ru_the_path_less_chosen,
          minmay_orc_entry_guard_dogs
D:10:     basic_altar
D:11:     cheibrodos_shockbox, david_lair_shrubbed, lab_entry_generic
Temple:   nicolae_temple_elliptical
Lair:1:   minmay_lair_oklob_tunnel
Lair:2:   worms_lemuel, uniq_erica, uniq_harold
Lair:3:   minmay_shoals_entry_centaurs, uniq_gastronok
Lair:4:   spider_nest_entry_a, grunt_megastairs_2, uniq_sonja, uniq_nessos
Lair:5:   onia_ninara_swampy_vault, minmay_slime_entry_oklob_enclosed
Abyss:2:  hangedman_abyss_or_decor_stagger
Lab:      nicolae_lab_dead_end, nicolae_lab_garden, labyrinth_skeletal_remains,
          lab_block, labyrinth_glass_2
Ossuary:  ossuary_minmay_scorpions

Skill      XL: |  1  2  3  4  5  6  7  8  9 10 11 12 13 |
---------------+----------------------------------------+-----
Axes           | 4 5 6 7 8 10 12 14 15 17 19 | 19.2
Fighting       | 4 5 6 7 9 10 12 13 14 | 14.4
Armour         | 3 4 5 7 8 10 11 13 14 | 14.2
Dodging        | 3 |  3.0
Evocations     | 3 |  3.2

Action                   |  1- 3 |  4- 6 |  7- 9 | 10-12 | 13-15 || total
-------------------------+-------+-------+-------+-------+-------++-------
Melee: Hand axe          |    51 |   109 |   381 |    34 |       ||   575
       Headbutt          |     8 |    21 |    84 |   123 |    95 ||   331
       Battleaxe         |       |       |       |   146 |    30 ||   176
       Broad axe         |       |       |       |   391 |   254 ||   645
       Flail             |       |       |       |       |    11 ||    11
Throw: Tomahawk          |       |       |     4 |       |       ||     4
Invok: Berserk           |     3 |     2 |    12 |    19 |     5 ||    41
       Burn Spellbooks   |       |       |     1 |     2 |     4 ||     7
       Trog's Hand       |       |       |     3 |     7 |     3 ||    13
Evoke: Wand              |       |       |       |     1 |       ||     1
  Use: Potion            |       |       |     1 |       |     5 ||     6
       Scroll            |       |       |       |    19 |     8 ||    27
  Eat: Meat ration       |     1 |       |       |     1 |       ||     2
       Chunk             |       |     5 |    22 |    27 |     9 ||    63
       Royal jelly       |       |     1 |       |     2 |     2 ||     5
       Bread ration      |       |       |     1 |     6 |     2 ||     9
       Fruit             |       |       |       |     1 |     1 ||     2
Armor: Ring mail         |    14 |    21 |    21 |       |       ||    56
       Chain mail        |       |       |   100 |    64 |       ||   164
       Plate armour      |       |       |       |   230 |   194 ||   424
Dodge: Dodged            |    34 |    51 |   116 |   186 |   148 ||   535

Table legend:
 A = Spawn XP
 B = Non-spawn XP
 C = Spawn XP percentage of total XP
 D = Spawn monster count
 E = Non-spawn monster count
 F = Spawn count percentage of total count
 G = Total turns spent on level
                    A         B        C        D         E        F      G
               +---------+---------+-------+---------+---------+-------+---------
         Total |    1757 |   65862 |   2.6 |       3 |     430 |   0.7 | 22999
               +---------+---------+-------+---------+---------+-------+---------
           D:1 |       0 |      30 |   0.0 |       0 |      17 |   0.0 |  1065
           D:2 |       0 |     254 |   0.0 |       0 |      22 |   0.0 |  1017
           D:3 |       0 |      64 |   0.0 |       0 |      14 |   0.0 |   559
           D:4 |       0 |     587 |   0.0 |       0 |      13 |   0.0 |   953
           D:5 |       0 |    1528 |   0.0 |       0 |      22 |   0.0 |   924
           D:6 |       0 |    1299 |   0.0 |       0 |      34 |   0.0 |  1043
           D:7 |       0 |    1084 |   0.0 |       0 |      28 |   0.0 |  1287
           D:8 |       0 |    1601 |   0.0 |       0 |      19 |   0.0 |  1162
           D:9 |       0 |    3777 |   0.0 |       0 |      24 |   0.0 |  1435
          D:10 |       0 |    2165 |   0.0 |       0 |      20 |   0.0 |   989
          D:11 |       0 |    5734 |   0.0 |       0 |      30 |   0.0 |  1918
        Lair:1 |       0 |    6481 |   0.0 |       0 |      25 |   0.0 |  1124
        Lair:2 |       0 |    6429 |   0.0 |       0 |      31 |   0.0 |  2086
        Lair:3 |       0 |   14286 |   0.0 |       0 |      48 |   0.0 |  2301
        Lair:4 |       0 |   12004 |   0.0 |       0 |      37 |   0.0 |  1808
        Lair:5 |       0 |    3853 |   0.0 |       0 |       9 |   0.0 |   695
       Abyss:2 |    1757 |     470 |  78.9 |       3 |       1 |  75.0 |   498
           Lab |       0 |    3288 |   0.0 |       0 |       7 |   0.0 |  1025
       Ossuary |       0 |     928 |   0.0 |       0 |      29 |   0.0 |   949
               +---------+---------+-------+---------+---------+-------+---------
